details: 'Human tries to tower'

« prev index next »

General information

Mini Map

Players

team 1
UndeadZe.Rath3isaFaig (orange | 135 APM | 2134 actions | 15:46)
Hero icon 4 Death Knight
Ability icon 2 Death Coil
Ability icon 2 Unholy Aura
Hero icon 4 Dark Ranger
Ability icon 2 Black Arrow
Ability icon 2 Silence

» actions
Assign group hotkey28
Basic commands473
Build / train61
Enter build submenu18
Enter hero's abilities submenu8
Give item / drop item4
Right click820
Select / deselect382
Select group hotkey261
Use ability79
2134 total
» units
Acolyte3
Ghoul2
Crypt Fiend10
Obsidian Statue4
19 total
» upgrades
Creature Carapace1
Creature Attack2
Destroyer Form1
4 total
» buildings
Graveyard2
Crypt1
Altar of Darkness1
Ziggurat3
Nerubian Tower1
Tomb of Relics1
Halls of the Dead3
Slaughterhouse1
Black Citadel2
15 total
» build order
00:08 Graveyard
00:11 Graveyard
00:24 Crypt
00:46 Altar of Darkness
01:00 Ziggurat
01:53 Nerubian Tower
02:00 Tomb of Relics
02:27 Ziggurat
03:09 Ziggurat
03:27 Halls of the Dead
03:27 Halls of the Dead
05:51 Slaughterhouse
08:45 Black Citadel
» items
Rod of Necromancy4
Boots of Speed1
Potion of Healing1
Scroll of Healing1
Scroll of Town Portal1
Orb of Corruption2
10 total
team 2
Humansohseki (purple | 93 APM | 1465 actions | 15:44)
Hero icon 5 Archmage
Ability icon 3 Summon Water Elemental
Ability icon 2 Brilliance Aura
Hero icon 2 Firelord
Ability icon 1 Summon Lava Spawn
Ability icon 1 Soul Burn

» actions
Assign group hotkey42
Basic commands120
Build / train61
Enter build submenu20
Enter hero's abilities submenu7
Give item / drop item3
Remove unit from queue5
Right click619
Select / deselect301
Select group hotkey218
Use ability69
1465 total
» units
Peasant12
Footman9
Forest Troll Shadow Priest1
Forest Troll Berserker1
Priest2
Sorceress2
Rifleman4
Spell Breaker3
34 total
» upgrades
Masonry2
Defend1
Swords2
Plating1
6 total
» buildings
Farm8
Altar of Kings1
Barracks1
Scout Tower5
Lumber Mill1
Keep1
Arcane Tower1
Blacksmith1
Arcane Sanctum1
Guard Tower3
Arcane Vault1
Castle1
25 total
» build order
00:09 Farm
00:12 Altar of Kings
00:20 Farm
00:24 Barracks
01:32 Farm
01:54 Scout Tower
03:36 Lumber Mill
03:47 Keep
03:51 Farm
04:48 Arcane Tower
05:10 Blacksmith
05:14 Farm
07:19 Farm
07:29 Farm
07:31 Arcane Sanctum
09:52 Farm
10:20 Scout Tower
10:52 Guard Tower
10:54 Scout Tower
11:23 Guard Tower
11:37 Scout Tower
11:55 Guard Tower
12:16 Scout Tower
12:49 Arcane Vault
14:04 Castle
» items
Boots of Speed1
1 total